 Dungeon Crawl Stone Soup version 0.31.0-32-g396128a36d (webtiles) character file.

Game seed: 4049735732028257166

126 Fractals the Magician (level 5, -2/38 HPs)
             Began as a Merfolk Hedge Wizard on Apr 19, 2024.
             Slain by a scorpion (3 damage)
             ... on level 3 of the Dungeon.
             The game lasted 00:09:08 (2497 turns).

Fractals the Magician (Merfolk Hedge Wizard)        Turns: 2497, Time: 00:09:08

Health: -2/38      AC:  2    Str: 12    XL:     5   Next: 9%
Magic:  6/10       EV: 12    Int: 19    God:
Gold:   82         SH:  0    Dex: 14    Spells: 8/11 levels left

rFire   . . .        s - +1 hand axe (vamp)
rCold   . . .        (no shield)
rNeg    . . .        b - +0 robe
rPois   +            c - +0 hat
rElec   .            (no cloak)
rCorr   .            (no gloves)
SInv    .            (no boots)
Will    .....        (no amulet)
Stlth   ++           j - ring of poison resistance
HPRegen 0.26/turn    n - +6 ring of intelligence
MPRegen 0.12/turn

%: no passive effects
@: mighty, brilliant
A: (nimble swimmer 2), mertail
a: no special abilities


You were on level 3 of the Dungeon.
You visited 1 branch of the dungeon, and saw 3 of its levels.

You collected 102 gold pieces.
You spent 20 gold pieces at shops.

Inventory:

Hand Weapons
 s - a +1 vampiric hand axe (weapon)
Armour
 b - a +0 robe (worn)
 c - a +0 hat (worn)
 h - a +0 leather armour
Jewellery
 j - a ring of poison resistance (left hand)
 m - a ring of ice
 n - a +6 ring of intelligence (right hand)
Scrolls
 a - a scroll of noise {unknown}
 f - a scroll of blinking {unknown}
 g - a scroll of revelation {unknown}
 i - 2 scrolls of identify
 o - a scroll of teleportation {unknown}
 r - a scroll of poison {unknown}
Potions
 d - 3 potions of magic
 k - a potion of brilliance
 l - a potion of resistance {unknown}
 p - a potion of enlightenment {unknown}
 q - a potion of ambrosia {unknown}


   Skills:
 - Level 2.0 Fighting
 - Level 2.6 Dodging
 - Level 3.0 Stealth
 + Level 3.9 Spellcasting
 - Level 2.0 Conjurations
 + Level 1.5 Summonings
 - Level 0.7 Translocations


You had 8 spell levels left.
You knew the following spells:

 Your Spells              Type           Power      Damage    Failure   Level
a - Magic Dart            Conj           64%        1d6       6%          1
b - Call Imp              Summ           28%        N/A       11%         2

Your spell library contained the following spells:

 Spells                   Type           Power      Damage    Failure   Level
 Apportation              Tloc           18%        N/A       11%         1
 Slow                     Hex            20%        N/A       14%         1
 Blink                    Tloc           18%        N/A       16%         2
 Cigotuvi's Dreadful Rot  Necr/Alch/Air  10%        N/A       22%         2
 Jinxbite                 Hex            10%        N/A       22%         2
 Sublimation of Blood     Necr           5%         N/A       22%         2
 Mephitic Cloud           Conj/Alch/Air  9%         N/A       32%         3
 Ozocubu's Armour         Ice            5%         N/A       38%         3
 Petrify                  Alch/Erth      5%         N/A       80%         4
 Irradiate                Conj/Alch      5%         3d13      95%         5
 Alistair's Intoxication  Alch           3%         N/A       98%         5
 Metabolic Englaciation   Hex/Ice        2%         N/A       98%         5
 Sculpt Simulacrum        Ice/Alch       2%         N/A       100%        6


Dungeon Overview and Level Annotations

Branches:
Dungeon (3/15)

Altars:
Uskayaw

Shops:
D:2 ?

Annotations:
D:3 Sigmund


Innate Abilities, Weirdness & Mutations

((You are very nimble when in or above water. (Stealth+, EV+, Speed+++)))
Your lower body shifts to a powerful aquatic tail in water.


Message History

The hound stops to sniff the ground.
The hound bites you. The scorpion closely misses you.
Your cerulean imp hits the scorpion with a -4 spear.
The hound bites you.
The scorpion closely misses your cerulean imp.
Your cerulean imp hits the scorpion but does no damage.
You hit the scorpion but do no damage.
The scorpion is severely wounded.
You hit the hound. The hound bites you. The scorpion barely misses you.
The hound bites you.
Your cerulean imp completely misses the scorpion.
Unknown command.
You barely miss the scorpion.
The scorpion is severely wounded.
You hit the hound.
You feel better. The hound closely misses you. The scorpion stings you!
* * * LOW HITPOINT WARNING * * *
Your cerulean imp hits the scorpion but does no damage.
The hound closely misses you. The scorpion stings you.
* * * LOW HITPOINT WARNING * * *
It was a potion of might.
You feel very mighty all of a sudden. The hound bites you but does no damage.
The scorpion misses you.
Your cerulean imp barely misses the scorpion.
The hound barely misses you.
You closely miss the scorpion.
The scorpion is severely wounded.
You hit the hound.
You feel better.
You kill the hound!
The scorpion misses you.
Your cerulean imp hits the scorpion but does no damage.
The scorpion stings you.
* * * LOW HITPOINT WARNING * * *
You have reached level 5!
You feel agile.
You closely miss the scorpion.
The scorpion is severely wounded.
Your cerulean imp hits the scorpion but does no damage.
The scorpion stings you.
You die...

....###.#..# ....
#....# .....
##....# .....
#....## .....
#....# #...
#....# ##
.##.?.##..)##...
#......5......$.
.......s@.......
........†........
.........###.....
.........# .....
.........# .....
....###### ..
.... ... ..


You could see a scorpion (ally target) and a friendly cerulean imp (summoned).

Vanquished Creatures
  A hound (D:3)
  An adder (D:2)
  2 orcs (D:3)
  4 bats
  3 endoplasms (D:1)
  A giant cockroach (D:1)
  4 goblins
  7 hobgoblins
  3 jackals (D:1)
  2 quokkas
  4 ball pythons
  A frilled lizard (D:1)
  4 kobolds
  3 rats
40 creatures vanquished.

Vanquished Creatures (collateral kills)
  An iguana (D:3)
  An adder (D:2)
  An orc (D:3)
  A quokka (D:3)
  A rat (D:3)
5 creatures vanquished.

Grand Total: 45 creatures vanquished

Notes
Turn   | Place    | Note
-------+----------+-------------------------------------------
     0 | D:1      | Fractals the Merfolk Hedge Wizard began the quest for the
                  | Orb.
     0 | D:1      | Reached XP level 1. HP: 13/13 MP: 4/4
   105 | D:1      | Reached skill level 1 in Conjurations
   241 | D:1      | Reached skill level 1 in Fighting
   241 | D:1      | Reached XP level 2. HP: 21/21 MP: 4/6
   739 | D:1      | Reached XP level 3. HP: 27/27 MP: 7/7
   905 | D:2      | Learned a level 2 spell: Call Imp
  1553 | D:2      | Found Neump's Magic Scroll Emporium.
  1556 | D:2      | Bought a scroll of identify for 20 gold pieces
  1755 | D:2      | Reached XP level 4. HP: 29/33 MP: 9/9
  1771 | D:2      | Found a hide-covered altar of Uskayaw.
  2343 | D:3      | Found a hide-covered altar of Uskayaw.
  2345 | D:3      | Noticed Sigmund
  2482 | D:3      | Noticed a scorpion
  2496 | D:3      | HP: 1/33 [scorpion (4)]
  2497 | D:3      | Reached XP level 5. HP: 1/38 MP: 6/10
  2497 | D:3      | Slain by a scorpion

Illustrated notes

Levels and vault maps discovered:
D:1:      eino_arrival_druids_welcome, layout_loops_cross
D:2:      layout_loops_ring, basic_altar, serial_shops, shop
D:3:      layout_basic, demons_altar, lemuel_crystal_altar,
          nicolae_gozag_zags_fifth_avenue, mainiacjoe_overflow_alcove_2,
          zin_purify, uniq_sigmund

Skill      XL: |  1  2  3  4 |
---------------+-------------+-----
Conjurations   | 1 2 |  2.0
Fighting       | 1 2 |  2.0
Stealth        | 3 |  3.0
Dodging        | |  2.6
Spellcasting   | |  3.9
Summonings     | |  1.5
Translocations | |  0.7

Action                     |  1- 3 |  4- 6 || total
---------------------------+-------+-------++-------
  Melee: Dagger            |   122 |     3 ||   125
         Punch             |     1 |       ||     1
         Hand axe          |       |    24 ||    24
   Cast: Magic Dart        |    42 |    11 ||    53
         Call Imp          |     2 |     6 ||     8
    Use: Scroll            |     1 |       ||     1
         Potion            |       |     2 ||     2
   Stab: Sleeping          |     2 |     1 ||     3
 Armour: Robe              |    65 |    33 ||    98
  Dodge: Dodged            |    79 |    33 ||   112
